 Dungeon Crawl Stone Soup version 0.28.0 (webtiles) character file.

Game seed: 7393430219060357900

3262 browni3141 the Cleaver (level 9, -2/123 HPs)
             Began as a Minotaur Berserker on Feb 17, 2022.
             Was an Elder of Trog.
             Slain by a red devil (5 damage)
             ... summoned by a kobold demonologist
             ... on level 7 of the Dungeon.
             The game lasted 00:04:04 (7679 turns).

browni3141 the Cleaver (Minotaur Berserker)         Turns: 7679, Time: 00:04:05

Health: -2/123     AC: 18    Str: 27    XL:     9   Next: 68%
Magic:  8/8        EV: 11    Int:  4    God:    Trog [****..]
Gold:   312        SH:  0    Dex: 15    Spells: 8/8 levels left

rFire   . . .      SeeInvis .   s - +0 battleaxe
rCold   . . .      Faith    .   (shield currently unavailable)
rNeg    + . .      Spirit   .   m - +0 pearl dragon scales
rPois   .          Reflect  .   (helmet restricted)
rElec   .          Harm     .   k - +0 cloak
rCorr   .          Rampage  .   g - +0 pair of gloves
Will    .....                   f - +0 pair of boots
Stlth   ..........              (no amulet)
HPRegen 0.30/turn               X - +6 ring of dexterity
MPRegen 0.11/turn               (no ring)

@: berserking, very quick
A: horns 2, retaliatory headbutt
a: Renounce Religion, Berserk, Trog's Hand, Brothers in Arms


You were on level 7 of the Dungeon.
You worshipped Trog.
Trog was greatly pleased with you.
You visited 1 branch of the dungeon, and saw 7 of its levels.
You also visited: Sewer.

You collected 368 gold pieces.
You spent 56 gold pieces at shops.


Innate Abilities, Weirdness & Mutations

You have a pair of horns on your head.
You reflexively headbutt those who attack you in melee.


   Skills:
 + Level 8.9 Fighting
 * Level 12.0 Axes
 + Level 8.5 Armour
 + Level 3.1 Dodging


You had 8 spell levels left.
You didn't know any spells.
Your spell library was empty.

Inventory:

Hand Weapons
 a - a +0 hand axe
 s - a +0 battleaxe (weapon)
Armour
 b - a +0 animal skin
 f - a +0 pair of boots (worn)
 g - a +0 pair of gloves (worn)
 h - a +0 plate armour
 k - a +0 cloak (worn)
 m - +0 pearl dragon scales (worn)
Jewellery
 C - a ring of ice
 X - a +6 ring of dexterity (left hand)
Wands
 j - a wand of digging (5)
Scrolls
 c - 2 scrolls of teleportation {@r4}
 i - 2 scrolls of enchant weapon
 n - a scroll of magic mapping
 p - a scroll of fog {@r5}
 q - 2 scrolls of noise {unknown}
 t - a scroll of amnesia {unknown}
 v - a scroll of fear {unknown}
 x - a scroll of brand weapon {unknown}
 y - 2 scrolls of identify {@r1}
Potions
 d - 3 potions of lignification {unknown}
 e - 5 potions of curing {@q1}
 l - 2 potions of brilliance {unknown}
 o - a potion of invisibility {unknown}
 r - a potion of heal wounds {unknown}
 u - a potion of mutation {unknown}
 w - 2 potions of haste {unknown}
 z - a potion of degeneration {unknown}

Dungeon Overview and Level Annotations

Branches:
Dungeon (7/15)             Temple (0/1) D:4           Sewer (visited)

Altars:
Elyvilon
Sif Muna
Trog

Shops:
D:2 ?!* D:6

* ###### #....# #....#
#....# #....# #....#
..######....######.###+.
#....3.####....#.......
#.....@# #....#.≈≈≈≈≈≈
#.....5KK5#....#.≈.....
#(....4####....#.≈.§≈≈§
......#######'###.≈.≈.§§
......+...........≈...§§
......#...........≈.≈...
......##.####.##..≈.≈≈§≈
..### #.####.###.≈..§..
...........≈≈≈≈≈≈


You could see a sun demon (summoned), 2 kobold demonologists, a red devil
(summoned), a quasit (summoned) and an ufetubus (summoned).


Message History

You headbutt the sun demon, but do no damage.
Your Axes skill increases to level 12!
Your Dodging skill increases to level 3!
A red film seems to cover your vision as you go berserk!
You feel yourself moving faster!
You feel mighty!
The ufetubus hits you but does no damage.
The ufetubus misses you.
The kobold demonologist looks encouraged for a moment.
The sun demon hits you.
* * * LOW HITPOINT WARNING * * *
You are engulfed in flames!
* * * LOW HITPOINT WARNING * * *
The kobold demonologist mumbles some strange words.
You hit the kobold demonologist.
Your headbutt misses the kobold demonologist.
The kobold demonologist is lightly wounded.
You hit the ufetubus. You hit the sun demon. The ufetubus closely misses you.
The ufetubus barely misses you. The sun demon hits you.
* * * LOW HITPOINT WARNING * * *
You are engulfed in flames!
* * * LOW HITPOINT WARNING * * *
You closely miss the kobold demonologist.
Your headbutt misses the kobold demonologist.
The kobold demonologist is lightly wounded.
You closely miss the sun demon. You miss the ufetubus.
The ufetubus hits you but does no damage.
The ufetubus closely misses you.
The kobold demonologist begins to cast a cantrip, but forgets the words!
The red devil hits you from afar with a +0 trident.
You die...

Skill      XL: |  1  2  3  4  5  6  7  8  9 |
---------------+----------------------------+-----
Axes           | 4 6 7 8 10 12 | 12.0
Fighting       | 4 5 6 7 8 |  8.9
Armour         | 3 4 5 6 7 8 |  8.5
Dodging        | 3 |  3.1

Action                   |  1- 3 |  4- 6 |  7- 9 || total
-------------------------+-------+-------+-------++-------
Melee: Hand axe          |    58 |   116 |    13 ||   187
       Headbutt          |     8 |    12 |    27 ||    47
       Punch             |     2 |       |       ||     2
       Battleaxe         |       |       |   177 ||   177
Invok: Berserk           |     1 |     5 |     4 ||    10
  Use: Scroll            |       |     2 |     2 ||     4
Armor: Animal skin       |    11 |       |       ||    11
       Plate armour      |    19 |    17 |       ||    36
       Pearl dragon scal |       |    68 |   159 ||   227
Dodge: Dodged            |    37 |    71 |   102 ||   210

Levels and vault maps discovered:
D:1:      lemuel_arrival_funnel, layout_basic, minmay_stone_trees_medium,
          minmay_tetromino_t4
D:2:      layout_basic, dreamdust_ecumenical_altar_grove, serial_shops,
          nicolae_lakefront_shop, shop, nicolae_square_shop, serial_glass,
          glass_columns_a, glass_columns_a, uniq_terence,
          uniq_crazy_yiuf_cottage, uniq_natasha, uniq_sigmund
D:3:      cheibrodos_old_hovel, layout_rooms
D:4:      layout_loops_ring, nicolae_elyvilon_peaceful_grove,
          minmay_temple_entry_hall, grunt_decor_junction,
          minmay_misc_feat_square, minivault_26, minmay_liquid_box,
          chequers_garden, uniq_robin, uniq_duvessa, uniq_grinder, uniq_pikel,
          uniq_blork_the_orc
D:5:      layout_rooms, nicolae_sif_muna_little_library, gup_sewer_entry_bowl
D:6:      layout_layer_cave, guppyfry_shop_venom
D:7:      layout_gridville, mainiacjoe_overflow_concentric_impassable,
          overflow_temple_1_default

Notes
Turn   | Place    | Note
-------+----------+-------------------------------------------
     0 | D:1      | browni3141 the Minotaur Berserker began the quest for the
                  | Orb.
     0 | D:1      | Reached XP level 1. HP: 19/19 MP: 0/0
   491 | D:1      | Reached skill level 4 in Axes
   497 | D:1      | Reached XP level 2. HP: 27/27 MP: 1/1
  1042 | D:2      | Found Eggocyef's Assorted Antiques.
  1054 | D:2      | Reached skill level 4 in Fighting
  1166 | D:2      | Found Xoivebea's Distillery.
  1174 | D:2      | Reached XP level 3. HP: 33/33 MP: 2/2
  1178 | D:2      | Bought a potion of curing for 36 gold pieces
  1244 | D:2      | Found a faded altar of an unknown god.
  1250 | D:2      | Reached skill level 3 in Armour
  1259 | D:2      | Noticed Terence
  1268 | D:2      | Killed Terence
  1834 | D:2      | Reached XP level 4. HP: 40/40 MP: 3/3
  1896 | D:2      | Reached skill level 5 in Axes
  1896 | D:2      | Noticed Sigmund
  1906 | D:2      | Killed Sigmund
  1907 | D:2      | Reached skill level 5 in Fighting
  1907 | D:2      | Reached skill level 6 in Axes
  1907 | D:2      | Reached skill level 4 in Armour
  1907 | D:2      | Reached XP level 5. HP: 48/48 MP: 4/4
  2361 | D:2      | Identified +0 pearl dragon scales
  2370 | D:2      | Found a runed translucent door.
  2371 | D:2      | Noticed Crazy Yiuf
  2617 | D:2      | Noticed Natasha
  2628 | D:2      | Killed Natasha
  2629 | D:2      | Reached XP level 6. HP: 56/56 MP: 5/5
  2708 | D:2      | Found Yfefocli's Magic Scroll Shoppe.
  2719 | D:2      | Bought a scroll of identify for 20 gold pieces
  2777 | D:2      | Reached ** piety under Trog
  2980 | D:2      | Killed Crazy Yiuf
  3881 | D:3      | Reached skill level 7 in Axes
  3953 | D:4      | Noticed Duvessa
  3954 | D:4      | Noticed Robin
  3954 | D:4      | Noticed Dowan
  3955 | D:4      | Noticed Blork the orc
  3961 | D:4      | Killed Dowan
  3965 | D:4      | Killed Blork the orc
  3966 | D:4      | Reached skill level 5 in Armour
  3966 | D:4      | Reached XP level 7. HP: 62/62 MP: 6/6
  3968 | D:4      | Killed Robin
  3973 | D:4      | Killed Duvessa
  3974 | D:4      | Reached skill level 6 in Fighting
  4093 | D:4      | Found a white marble altar of Elyvilon.
  4196 | D:4      | Found a staircase to the Ecumenical Temple.
  4217 | D:4      | Reached *** piety under Trog
  4313 | D:4      | Reached skill level 8 in Axes
  4457 | D:4      | Noticed Grinder
  4462 | D:4      | Killed Grinder
  4463 | D:4      | Reached skill level 6 in Armour
  4463 | D:4      | Reached XP level 8. HP: 71/71 MP: 7/7
  4817 | D:4      | Noticed Pikel
  4830 | D:4      | Killed Pikel
  4831 | D:4      | Reached skill level 7 in Fighting
  4831 | D:4      | Reached skill level 9 in Axes
  5071 | D:4      | Reached skill level 10 in Axes
  5091 | D:4      | Reached skill level 7 in Armour
  5319 | D:5      | Entered Level 5 of the Dungeon
  5698 | D:5      | Reached XP level 9. HP: 81/81 MP: 8/8
  5728 | D:5      | Reached skill level 8 in Fighting
  5779 | D:5      | Found a glowing drain.
  5783 | Sewer    | Entered a sewer
  5919 | D:5      | Found a shimmering blue altar of Sif Muna.
  6185 | D:6      | Reached skill level 11 in Axes
  6497 | D:6      | Reached skill level 8 in Armour
  6655 | D:6      | Reached **** piety under Trog
  7254 | D:6      | Found Veyhuok's Serpentskin Sales.
  7649 | D:7      | Found a bloodstained altar of Trog.
  7671 | D:7      | Noticed a kobold demonologist
  7671 | D:7      | Noticed a kobold demonologist
  7672 | D:7      | Noticed a kobold demonologist
  7674 | D:7      | Noticed a sun demon
  7676 | D:7      | Killed a kobold demonologist
  7677 | D:7      | Reached skill level 12 in Axes
  7677 | D:7      | Reached skill level 3 in Dodging
  7678 | D:7      | Noticed a red devil
  7678 | D:7      | HP: 3/123 [sun demon[a kobold demonologist] (10)]
  7679 | D:7      | Slain by a red devil

Vanquished Creatures
  Pikel (D:4)
  A kobold demonologist (D:7)
  Grinder (D:4)
  Sigmund (D:2)
  Duvessa (D:4)
  An ice beast (D:4)
  An orc warrior (D:6)
  A sky beast (D:6)
  2 ogres
  2 centaurs
  3 lemures (D:4)
  3 phantoms
  Blork the orc (D:4)
  4 scorpions
  Dowan (D:4)
  A howler monkey (D:4)
  A bullfrog zombie (D:5)
  A gnoll shaman (D:6)
  3 orc priests (D:6)
  A hound (D:5)
  Crazy Yiuf (D:2)
  3 iguanas
  Terence (D:2)
  Natasha (D:2)
  6 orc wizards
  A hound skeleton (D:4)
  Robin (D:4)
  12 adders
  18 gnolls
  An ufetubus (D:5)
  A worm (D:4)
  20 orcs
  6 bats
  4 endoplasms
  3 giant cockroaches
  8 goblins
  16 hobgoblins
  3 jackals (D:3)
  6 quokkas
  5 ball pythons
  4 frilled lizards
  5 kobolds
  6 rats
163 creatures vanquished.

Vanquished Creatures (others)
  A butterfly (D:4)
  5 plants
6 creatures vanquished.

Grand Total: 169 creatures vanquished

Table legend: (Time is in decaauts)
 A = Elapsed time spent in this place.
 B = Non-inter-level travel time spent in this place.
 C = Inter-level travel time spent in this place.
 D = Time resting spent in this place.
 E = Time spent auto-exploring this place.
 F = Levels seen in this place.
 G = Mean time per level.
                   A        B        C        D        E       F      G
               +--------+--------+--------+--------+--------+-----+--------+
         Total |   7801 |   7615 |    186 |   1375 |   5136 |   8 |  975.1 |
       Dungeon |   7755 |   7569 |    186 |   1375 |   5115 |   7 | 1107.9 |
         Sewer |     45 |     45 |      0 |      0 |     21 |   1 |   45.0 |
               +--------+--------+--------+--------+--------+-----+--------+

Top non-repeatable levels by time:
     D:2: 2166 daAuts
     D:6: 1627 daAuts
     D:4: 1414 daAuts
     D:1: 1045 daAuts
     D:3: 779 daAuts
     D:5: 626 daAuts
     D:7: 95 daAuts
   Sewer: 45 daAuts

Table legend:
 A = Non-vault XP
 B = Vault XP
 C = Vault XP percentage of total XP
 D = Non-vault monster count
 E = Vault monster count
 F = Vault count percentage of total count
                 A         B        C        D         E       F
            +---------+---------+-------+---------+---------+-------
      Total |    3058 |    1602 |  34.4 |     131 |      29 |  18.1
            +---------+---------+-------+---------+---------+-------
        D:1 |      21 |       3 |  12.5 |      13 |       2 |  13.3
        D:2 |      92 |     336 |  78.5 |      18 |       4 |  18.2
        D:3 |     168 |       2 |   1.2 |      26 |       1 |   3.7
        D:4 |     485 |    1217 |  71.5 |      20 |      16 |  44.4
        D:5 |     625 |       3 |   0.5 |      20 |       2 |   9.1
        D:6 |    1294 |      39 |   2.9 |      28 |       3 |   9.7
        D:7 |     373 |       0 |   0.0 |       6 |       0 |   0.0
      Sewer |       0 |       2 | 100.0 |       0 |       1 | 100.0
            +---------+---------+-------+---------+---------+-------
